 Dungeon Crawl Stone Soup version 0.23.2-1-ga50397a6bc (webtiles) character file.

Game seed: 4104798794447693315

80 Banto the Skirmisher (level 3, -3/31 HPs)
             Began as a Demigod Wanderer on May 10, 2019.
             Slain by an orc priest
             ... wielding a +0 hand axe
              (6 damage)
             ... on level 2 of the Dungeon.
             The game lasted 00:03:42 (2879 turns).

Banto the Skirmisher (Demigod Wanderer)             Turns: 2879, Time: 00:03:43

Health: -3/31      AC:  6    Str: 14    XL:     3   Next: 98%
Magic:  6/6        EV: 10    Int: 15    God:
Gold:   70         SH:  0    Dex: 19    Spells: 4/4 levels left

rFire    . . .     SeeInvis .   j - +0 spear (curse)
rCold    . . .     Gourm    .   (no shield)
rNeg     . . .     Faith    .   i - +0 scale mail
rPois    .         Spirit   .   (no helmet)
rElec    .         Reflect  .   (no cloak)
rCorr    .         Harm     .   (no gloves)
MR       .....                  (no boots)
Stlth    ..........             (no amulet)
HPRegen  0.10/turn              (no ring)
MPRegen  0.10/turn              (no ring)

@: no status effects
A: high mp 1
a: no special abilities


You were on level 2 of the Dungeon.
You were hungry.

You visited 1 branch of the dungeon, and saw 3 of its levels.

You collected 70 gold pieces.

Inventory:

Hand Weapons
 j - a cursed +0 spear (weapon)
Armour
 i - a +0 scale mail (worn)
Wands
 a - a wand of iceblast (9)
Scrolls
 b - a scroll of fog {unknown}
 c - a scroll of teleportation
 e - 2 scrolls of identify {unknown}
 g - a scroll of immolation {unknown}
 h - 2 scrolls of magic mapping {unknown}
 k - a scroll of blinking {unknown}
Potions
 l - a potion of agility {unknown}
Comestibles
 d - 2 chunks of flesh
 f - 4 rations


   Skills:
 + Level 3.4 Fighting
   Level 1.7 Short Blades
 - Level 1.0 Throwing
 + Level 1.8 Armour
 + Level 1.8 Dodging
   Level 1.0 Shields
 - Level 1.0 Spellcasting
   Level 1.7 Conjurations


You had 4 spell levels left.
You didn't know any spells.
Your spell library was empty.

Dungeon Overview and Level Annotations

Branches:
Dungeon (3/15)


Innate Abilities, Weirdness & Mutations

You have an increased reservoir of magic. (+10% MP)


Message History

You hit the orc priest but do no damage.
The orc priest is severely wounded.
The orc priest hits you with a +0 hand axe.
* * * LOW HITPOINT WARNING * * *
The hobgoblin closely misses you.
Attack whom?
Press: ? - help, Dir - move target cursor, f/p - orc priest
Aim: an orc priest, wielding a +0 hand axe and wearing a +0 leather armour (heavily wounded)
You barely miss the orc priest.
The orc priest is heavily wounded.
The orc priest misses you.
The hobgoblin hits you with a cursed -2 club.
* * * LOW HITPOINT WARNING * * *
Attack whom?
Press: ? - help, Dir - move target cursor, f/p - orc priest
Aim: an orc priest, wielding a +0 hand axe and wearing a +0 leather armour (heavily wounded)
You completely miss the orc priest.
The orc priest is heavily wounded.
The orc priest hits you with a +0 hand axe.
You die...

#.#### #...............##
##.###########.#..##.....##
#.........####....##...#####
##...............#.####.##...
#..........####.##...##....##
#..........#....##......####
#####....(...............####
......#####..##g.........#
......# ##.##o@........## ####
......# #.###.####..#..####...
......######.##..#####.........##
..........##.#................###
...<..###..#....#########....###.
####### ##.....## ##[..# #.
###....# #...# #. ##...# #...# #.
#...# ##### #.


You could see an orc priest and a hobgoblin.

Vanquished Creatures
  3 adders
  A worm (D:2)
  2 leopard geckos
  4 giant cockroaches (D:2)
  4 goblins
  6 hobgoblins
  2 jackals (D:1)
  A quokka (D:2)
  7 bats
  3 frilled lizards
  8 kobolds
  6 rats (D:1)
47 creatures vanquished.

Notes
Turn   | Place    | Note
-------+----------+-------------------------------------------
     0 | D:1      | Banto the Demigod Wanderer began the quest for the Orb.
     0 | D:1      | Banto set off with the following items: a +2 short sword, a
                  | +0 falchion, a scroll of teleportation, a +0 robe, a ration
     0 | D:1      | Reached XP level 1. HP: 18/18 MP: 4/4
   429 | D:1      | Reached XP level 2. HP: 25/25 MP: 5/5
   485 | D:1      | Reached skill level 1 in Dodging
   496 | D:1      | Reached skill level 1 in Armour
   502 | D:1      | Reached skill level 3 in Fighting
   860 | D:2      | Noticed a scorpion
   901 | D:1      | Reached XP level 3. HP: 11/31 MP: 6/6
  2784 | D:2      | Found a blossoming altar of Fedhas.
  2879 | D:2      | Slain by an orc priest

Skill      XL: |  1  2 |
---------------+-------+-----
Dodging        | 1 |  1.8
Armour         | 1 |  1.8
Fighting       | 3 |  3.4
Short Blades   | |  1.7
Throwing       | |  1.0
Shields        | |  1.0
Spellcasting   | |  1.0
Conjurations   | |  1.7

Action                   || total
-------------------------++-------
Melee: Short sword       ||   102
       Spear             ||   141
  Use: Potion            ||     1
  Eat: Chunk             ||     6
Armor: Robe              ||     6
       Scale mail        ||    90
Dodge: Dodged            ||   166
